 Dungeon Crawl Stone Soup version 0.24-a0-779-g36f0aeb843 (webtiles) character file.

Game seed: 13643116005942722095, levelgen mode: deterministic

84 Amanar the Skirmisher (level 4, -6/41 HPs)
             Began as a Hill Orc Fighter on Oct 8, 2019.
             Killed by nerve-wracking pain
             ... invoked by Grinder
              (14 damage)
             ... on level 2 of the Dungeon.
             The game lasted 00:09:54 (1364 turns).

Amanar the Skirmisher (Hill Orc Fighter)            Turns: 1364, Time: 00:09:54

Health: -6/41      AC:  6    Str: 19    XL:     4   Next: 46%
Magic:  4/4        EV:  7    Int:  8    God:
Gold:   55         SH:  9    Dex: 10    Spells: 3/3 levels left

rFire    . . .     SeeInvis .   a - +0 war axe
rCold    . . .     Gourm    .   c - +0 shield
rNeg     . . .     Faith    .   b - +0 scale mail
rPois    .         Spirit   .   (no helmet)
rElec    .         Reflect  .   (no cloak)
rCorr    .         Harm     .   (no gloves)
MR       .....                  (no boots)
Stlth    ..........             (no amulet)
HPRegen  0.13/turn              (no ring)
MPRegen  0.09/turn              (no ring)

@: lightly drained
A: no striking features
a: no special abilities


You were on level 2 of the Dungeon.
You were not hungry.

You visited 1 branch of the dungeon, and saw 3 of its levels.

You collected 55 gold pieces.

Inventory:

Hand Weapons
 a - a +0 war axe (weapon)
Armour
 b - a +0 scale mail (worn)
 c - a +0 shield (worn)
Scrolls
 g - a scroll of identify {unknown}
 h - a scroll of fear {unknown}
 i - a scroll of blinking {unknown}
 k - 3 scrolls of magic mapping {unknown}
 l - a scroll of enchant armour {unknown}
 n - a scroll of fog {unknown}
 o - a scroll of teleportation {unknown}
Potions
 d - a potion of might
 j - a potion of ambrosia
 m - a potion of berserk rage {unknown}
Comestibles
 e - 4 rations {!d}
 f - 4 chunks of flesh


   Skills:
 * Level 4.6(4.1) Fighting
 * Level 4.1(3.6) Axes
 + Level 3.8(3.3) Armour
 + Level 3.8(3.3) Shields


You had 3 spell levels left.
You didn't know any spells.
Your spell library was empty.

Dungeon Overview and Level Annotations

Branches:
Dungeon (3/15)

Altars:
Xom

Annotations:
D:2 Grinder


Message History

Grinder hits you.
* * * LOW HITPOINT WARNING * * *
You writhe in agony.
* * * LOW HITPOINT WARNING * * *
Grinder hits you.
* * * LOW HITPOINT WARNING * * *
You writhe in agony.
* * * LOW HITPOINT WARNING * * *
The kobold hits you but does no damage.
You can move again.
You climb upwards.
There is a stone staircase leading down here.
Unknown command.
Unknown command.
It was a potion of ambrosia.
You are confused.
You feel invigorated. Grinder completely misses you. Grinder hits you!
* * * LOW HITPOINT WARNING * * *
You writhe in agony.
* * * LOW HITPOINT WARNING * * *
Grinder gestures at you. Pain shoots through your body!
* * * LOW HITPOINT WARNING * * *
Grinder gestures at you.
You suddenly lose the ability to move!
Grinder gestures at you. Pain shoots through your body!
* * * LOW HITPOINT WARNING * * *
Grinder hits you!
* * * LOW HITPOINT WARNING * * *
You writhe in agony.
* * * LOW HITPOINT WARNING * * *
Grinder hits you.
* * * LOW HITPOINT WARNING * * *
You writhe in agony.
* * * LOW HITPOINT WARNING * * *
You feel less invigorated.
You feel less confused. Grinder hits you but does no damage. Grinder hits you.
* * * LOW HITPOINT WARNING * * *
You writhe in agony.
* * * LOW HITPOINT WARNING * * *
You can move again.
Okay, then.
You closely miss Grinder. Grinder gestures at you.
Pain shoots through your body!
You die...

#####..##.###.#.#.# #....##..#.##
..........# #.#.#.# ###..##..#.#
###....#..# #.#.#.# #..##..#.##
.......#..# #.#.#.#####..#...#.#.
.#....[#..###.#.#...)........#.#.
.#.....#..#...#.#######.##.....#.
...#...#..#####............#.....
########.......5#########..#.####
........#.####.#@....#<....#.....
....##.......#.#............#####
....##....##.#....##.##.......#
....##.####..#............###.#
..........#.##+##<##.####.###'###
'#####.#.##(#.....##......#......
)# #(#.##.#.....#########......
.# #.#..#.#.....#########......
.#####.##.#.#....................


You could see Grinder.

Vanquished Creatures
  2 adders (D:2)
  An ooze (D:2)
  A dart slug (D:2)
  A leopard gecko (D:2)
  3 ball pythons (D:2)
  10 bats
  3 giant cockroaches
  5 goblins
  5 hobgoblins
  5 jackals (D:1)
  5 frilled lizards
  8 kobolds
  9 rats
58 creatures vanquished.

Notes
Turn   | Place    | Note
-------+----------+-------------------------------------------
     0 | D:1      | Amanar the Hill Orc Fighter began the quest for the Orb.
     0 | D:1      | Reached XP level 1. HP: 19/19 MP: 1/1
   105 | D:1      | Reached XP level 2. HP: 27/27 MP: 2/2
   321 | D:1      | Reached XP level 3. HP: 30/33 MP: 3/3
   424 | D:1      | You fall into a shaft and drop 1 floor!
   684 | D:2      | Reached XP level 4. HP: 41/41 MP: 4/4
  1335 | D:3      | Found a shimmering altar of Xom.
  1344 | D:3      | Noticed Grinder
  1351 | D:3      | Paralysed by Grinder for 3 turns
  1358 | D:2      | Paralysed by Grinder for 6 turns
  1364 | D:2      | Killed from afar by Grinder

Levels and vault maps discovered:
D:1:      dpeg_arrival_prison, layout_loops_ring
D:2:      lemuel_upstairs_altar, layout_basic
D:3:      layout_loops_ring, lemuel_doored_altar, xom_teletrap_fun,
          first_ration, uniq_jessica, uniq_grinder

Skill      XL: |  1  2  3 |
---------------+----------+-----
Axes           | 3 4 |  4.1
Fighting       | 4 |  4.6
Armour         | |  3.8
Shields        | |  3.8

Action                   |  1- 3 |  4- 6 || total
-------------------------+-------+-------++-------
Melee: War axe           |   116 |    91 ||   207
  Use: Potion            |       |     1 ||     1
  Eat: Chunk             |       |     2 ||     2
Armor: Scale mail        |    67 |    57 ||   124
Dodge: Dodged            |    43 |    24 ||    67
Block: Shield            |    66 |    53 ||   119

Table legend:
 A = Non-vault XP
 B = Vault XP
 C = Vault XP percentage of total XP
 D = Non-vault monster count
 E = Vault monster count
 F = Vault count percentage of total count
                 A         B        C        D         E       F
            +---------+---------+-------+---------+---------+-------
      Total |     117 |       4 |   3.3 |      55 |       3 |   5.2
            +---------+---------+-------+---------+---------+-------
        D:1 |      41 |       4 |   8.9 |      27 |       3 |  10.0
        D:2 |      74 |       0 |   0.0 |      27 |       0 |   0.0
        D:3 |       2 |       0 |   0.0 |       1 |       0 |   0.0
            +---------+---------+-------+---------+---------+-------
